Map: Astillero orbital

Players

xXkazperXx - Winner!

  • Race: Zerg Zerg
  • League: Bronze

RANURA DE IA (Muy fácil)

  • Race: Protoss Protoss

VOD

Have the link to the VOD?

Description

Time

  • Played on: April 2, 2016, 11:24 p.m.
  • Length: 13:34
Show
View Real Time Build Order
Export as new Build Order

xXkazperXx Zerg - Winner!

Build Orders: Pool First 

Get SALT Encoding   

  12  0:05  Drone  
  13  0:21  Overlord  
  13  0:34  Drone  
  15  0:42  Drone  
  15  0:47  Drone  
  16  0:53  Spawning Pool  
  15  1:10  Extractor  
  14  1:23  Drone x3  
  17  1:38  Overlord  
  17  1:48  Extractor  
  16  1:55  Zergling x2  
  16  1:59  Queen  
  19  2:05  Drone  
  20  2:13  Drone  
  21  2:18  Drone  
  22  2:23  Metabolic Boost  
  22  2:32  Zergling x2  
  23  2:49  Zergling x2  
  24  2:51  Zergling x2  
  24  2:58  Pneumatized Carapace  
  25  3:10  Roach Warren  
  24  3:22  Zergling x8  
  24  3:23  Zergling x2  
  29  4:23  Overlord  
  29  4:36  Zergling x2  
  30  4:41  Lair  
  30  4:46  Baneling Nest  
  30  4:52  Roach x4  
  37  5:03  Overlord  
  37  5:19  Evolution Chamber  
  36  5:28  Drone x4  
  40  5:40  Tunneling Claws  
  40  5:44  Hatchery  
  39  5:53  Overseer  
  39  5:59  Drone x5  
  39  6:03  Queen  
  46  6:20  Overlord  
  46  7:08  Zerg Melee Weapons Level 1  
  46  7:14  Hydralisk Den  
  45  7:23  Infestation Pit  
  45  7:27  Spire  
  45  7:29  Drone x2  
  46  7:30  Drone x3  
  46  7:32  Drone x2  
  46  7:33  Drone  
  51  7:51  Hatchery  
  51  7:52  Extractor  
  51  7:55  Extractor  
  47  8:15  Drone x2  
  47  8:16  Drone  
  50  8:28  Glial Reconstitution  
  50  8:33  Hydralisk x3  
  56  8:36  Overlord  
  56  9:03  Mutalisk x3  
  56  9:07  Mutalisk x3  
  68  9:13  Zerg Melee Weapons Level 2  
  68  9:22  Drone x2  
  70  9:24  Overlord  
  70  9:27  Drone  
  70  9:28  Drone x2  
  73  9:38  Extractor  
  72  9:55  Drone x4  
  72  9:59  Drone x3  
  79  10:02  Drone x2  
  79  10:03  Overlord  
  81  10:21  Queen  
  81  10:25  Mutalisk x2  
Show
View Real Time Build Order
Export as new Build Order

RANURA DE IA (Muy fácil) Protoss 

Build Orders:  

Get SALT Encoding   

  12  0:01  Probe (Chrono Boost)  
  13  0:11  Probe (Chrono Boost)  
  14  0:20  Pylon  
  14  0:36  Assimilator  
  14  0:42  Gateway  
  14  0:45  Pylon  
  14  1:14  Assimilator  
  14  1:27  Zealot  
  14  1:28  Probe (Chrono Boost)  
  14  1:32  Cybernetics Core  
  17  1:39  Probe (Chrono Boost)  
  18  1:50  Probe (Chrono Boost)  
  19  1:57  Warp Gate  
  19  2:01  Probe (Chrono Boost)  
  20  2:12  Probe (Chrono Boost)  
  22  2:23  Probe (Chrono Boost)  
  22  2:40  Stalker  
  23  4:32  Probe (Chrono Boost)  
  24  7:17  Adept  
  24  7:18  Probe (Chrono Boost)  
  24  7:21  Pylon  
  27  7:23  Robotics Facility, Nexus  
  28  7:30  Probe (Chrono Boost)  
  28  7:40  Probe (Chrono Boost)  
  30  7:51  Probe (Chrono Boost)  
  30  8:10  Observer  
  30  8:11  Zealot  
  29  8:30  Observer  
  30  8:36  Probe (Chrono Boost)  
  31  8:43  Probe (Chrono Boost), Assimilator  
  31  8:45  Assimilator  
  32  8:51  Probe (Chrono Boost)  
  33  8:57  Probe (Chrono Boost)  
  34  9:04  Stalker  
  34  9:05  Probe (Chrono Boost)  
  37  9:12  Probe (Chrono Boost)  
  38  9:19  Probe (Chrono Boost)  
  39  9:26  Probe (Chrono Boost)  
  40  9:33  Probe (Chrono Boost)  
  41  9:40  Probe (Chrono Boost)  
  42  9:48  Probe (Chrono Boost)  
  43  9:54  Probe (Chrono Boost)  
  44  10:01  Probe (Chrono Boost)  
  45  10:09  Probe (Chrono Boost)  
  46  10:16  Probe (Chrono Boost)  
  46  10:18  Pylon  
  47  10:23  Probe (Chrono Boost)  
  48  12:11  Stalker  
  48  12:12  Observer  
  42  12:25  Pylon  
  38  12:34  Probe (Chrono Boost)  
  27  12:41  Probe (Chrono Boost)  
  22  13:06  Stargate  
  22  13:10  Robotics Facility  
  5  13:14  Pylon  
  5  13:16  Pylon  
Tags
 
Add a new tag
Caveats
  • Supply blocks, unpowered buildings, or Contaminate may cause inaccurate times.
  • Supply counts are checked every 10 seconds.